Rafales vs Demolitions
Created - April 20, 2018 at 19:57
Goals
|
| Rafales |
3 |
2 |
5 |
10 |
| Demolitions |
0 |
1 |
2 |
3 |
|
Shots
|
| Rafales |
14 |
6 |
15 |
35 |
| Demolitions |
16 |
5 |
10 |
31 |
|
1st period
1. Rafales , Cody McLeod 54 (Mike Zigomanis 73, Carl Klingberg 17) at 13:27
2. Rafales , Cody McLeod 55 (Mike Zigomanis 74, Milan Bartovic 36) at 13:41
3. Rafales , Nathan Davis 28 (Tim Crowder 21, Michael Bournival 20) at 14:34 (PP)
Penalties :
Corban Knight (Vic) for Hooking (Minor) at 2:01, Cameron Schilling (Vic) for Diving (Minor) at 13:55, Brandon McMillan (Vic) for Hooking (Minor) at 15:35, Michael Bournival (Stf) for Interference (Minor) at 19:39
2nd period
4. Demolitions , Bobby Butler 39 (Jonathan Blum 32, Corban Knight 32) at 0:29 (PP)
5. Rafales , Connor Murphy 5 (Tim Crowder 22, Michael Bournival 21) at 2:58 (PP)
6. Rafales , Jarret Stoll 25 (Chris Terry 12, Kevin Veilleux 17) at 12:15
Penalties :
Nicolas Blanchard (Vic) for Interference (Minor) at 2:25, Cody McLeod (Stf) for Roughing (Minor) at 4:14, Olivier Roy (Vic) for Slashing (Minor) at 13:31 - Robert Bortuzzo served the penalty, Bobby Butler (Vic) for Charging (Minor) at 13:36
3rd period
7. Rafales , Nathan Davis 29 (Connor Murphy 23) at 1:01
8. Rafales , Carl Klingberg 23 (Brian Ferlin 17, Nathan Davis 40) at 1:58
9. Rafales , Tim Crowder 21 (Michael Bournival 22, Jarret Stoll 34) at 4:25
10. Demolitions , Nicolas Blanchard 28 (Ryan Bayda 48, Jack Skille 22) at 11:20
11. Rafales , Tim Crowder 22 (Jarret Stoll 35) at 16:17
12. Demolitions , Bobby Butler 40 (Jonathan Blum 33, Erik Condra 39) at 17:28
13. Rafales , Michael Bournival 24 (Tim Crowder 23) at 18:47
Penalties :
Connor Murphy (Stf) for Hooking (Minor) at 2:11, Dmitri Orlov (Vic) for Slashing (Minor) at 5:54, Bobby Butler (Vic) for Holding (Minor) at 12:35, Cameron Schilling (Vic) for Fighting (Major) at 19:07, Michael Bournival (Stf) for Fighting (Major) at 19:07, Milan Bartovic (Stf) for Interference (Minor) at 19:16
Goalie Stats
Philipp Grubauer (Stf), 28 saves from 31 shots - (0.903), W, 20-11-4, 60:00 minutes
Joe Cannata (Vic), 20 saves from 26 shots - (0.769), L, 9-17-5, 38:33 minutes
Olivier Roy (Vic), 5 saves from 9 shots - (0.556), 21:27 minutes
Players Stats for Rafales
Player Name G A P +/- PIM S H SB GA TA FO MP PP MP PK MP
------------------------------------------------------------------------------------
Brian Ferlin 0 1 1 2 0 5 1 0 0 1 0/0 8:22 0:04 0:00
Carl Klingberg 1 1 2 2 0 1 3 0 0 1 0/0 9:28 0:04 1:06
Chris Terry 0 1 1 0 0 1 1 0 0 0 0/0 8:59 0:00 0:18
Cody McLeod 2 0 2 2 2 4 1 0 2 1 2/3 24:40 6:59 2:41
Connor Murphy 1 1 2 2 2 2 0 4 0 0 0/0 19:56 3:09 1:07
Dennis Persson 0 0 0 1 0 0 0 0 0 0 0/0 17:07 0:00 0:17
Dylan McIlrath 0 0 0 3 0 0 1 0 0 0 0/0 11:10 0:00 0:35
James Marcou 0 0 0 0 0 1 0 2 0 0 0/0 8:41 0:00 0:00
Jarret Stoll 1 2 3 2 0 1 0 0 0 0 9/12 12:58 0:04 0:53
Julian Melchiori 0 0 0 1 0 0 0 2 0 0 0/0 18:46 3:09 1:58
Kevin Veilleux 0 1 1 0 0 1 1 1 1 0 1/1 8:41 0:00 0:00
Mark Fayne 0 0 0 2 0 3 1 1 1 3 0/0 29:39 8:03 3:31
Michael Bournival 1 3 4 2 7 3 3 1 0 0 1/1 16:09 4:09 0:44
Mike Zigomanis 0 2 2 2 0 4 2 0 0 0 19/35 25:34 6:59 3:35
Milan Bartovic 0 1 1 2 2 1 2 0 1 0 2/3 22:29 6:59 0:42
Nathan Davis 2 1 3 2 0 3 1 0 0 0 4/6 12:47 4:09 1:03
Slater Koekkoek 0 0 0 3 0 2 1 1 0 0 0/0 23:32 8:03 3:34
Tim Crowder 2 3 5 2 0 3 2 1 0 1 0/1 15:26 4:09 0:00
Players Stats for Demolitions
Player Name G A P +/- PIM S H SB GA TA FO MP PP MP PK MP
------------------------------------------------------------------------------------
Aaron Palushaj 0 0 0 0 0 1 0 0 0 0 0/0 6:41 0:00 0:00
Alex Hutchings 0 0 0 0 0 0 0 0 0 0 1/3 4:00 0:00 2:57
Andrej Nestrasil 0 0 0 0 0 0 0 0 1 0 0/1 7:13 0:00 0:28
Billy Sweat 0 0 0 0 0 0 0 0 0 0 0/0 0:07 0:07 0:00
Bobby Butler 2 0 2 -2 4 7 1 1 0 0 6/8 21:57 3:27 4:21
Brandon McMillan 0 0 0 -2 2 2 0 0 0 0 1/3 11:16 0:00 0:00
Cameron Schilling 0 0 0 -1 7 3 4 1 0 0 0/0 25:35 2:39 6:33
Colton Sceviour 0 0 0 0 0 0 0 0 0 0 0/0 0:00 0:00 0:00
Corban Knight 0 1 1 -2 2 1 2 0 0 0 13/35 20:02 3:20 1:45
Derek Forbort 0 0 0 -1 0 0 1 1 0 0 0/0 6:03 0:00 0:00
Dmitri Orlov 0 0 0 -1 2 1 0 0 0 0 0/0 10:40 0:00 0:39
Erik Condra 0 1 1 -2 0 2 1 1 1 0 1/2 20:03 3:27 2:22
Frazer Mclaren 0 0 0 -2 0 2 2 1 0 0 0/2 11:09 0:00 0:00
Jack Skille 0 1 1 -2 0 1 1 1 1 0 0/0 14:40 2:04 2:22
Jonathan Blum 0 2 2 -1 0 2 2 3 1 2 0/0 27:08 3:22 7:12
Josh Beaulieu 0 0 0 0 0 2 0 0 0 0 0/0 1:45 0:00 0:42
Mike Sauer 0 0 0 -3 0 0 0 1 0 0 0/0 16:58 2:09 4:00
Mikko Lehtonen 0 0 0 -2 0 2 1 0 2 0 0/0 11:09 0:00 0:00
Nick Pryor 0 0 0 0 0 0 0 0 0 0 0/0 0:52 0:43 0:00
Nicolas Blanchard 1 0 1 -2 2 2 2 1 0 0 2/7 12:09 2:04 0:00
Robert Bortuzzo 0 0 0 -1 0 0 0 1 0 1 0/0 9:59 0:00 0:05
Ryan Bayda 0 1 1 -2 0 3 1 1 1 1 0/1 17:38 2:04 5:27
Ryan Russell 0 0 0 0 0 0 1 0 0 0 0/0 6:41 0:00 0:00
Seth Helgeson 0 0 0 -3 0 0 0 3 0 1 0/0 16:58 2:09 4:00
Taylor Aronson 0 0 0 -1 0 0 0 3 0 0 0/0 6:03 0:00 0:00
3 Stars
1 - Tim Crowder (Stf)
2 - Nathan Davis (Stf)
3 - Jarret Stoll (Stf)
Power Play
Rafales - 2 on 8 Attempt(s) - 25.00%
Demolitions - 1 on 4 Attempt(s) - 25.00%
Penalty Kill
Rafales - 3 on 4 Attempt(s) - 75.00%
- Score 0 goal in Penalty Kill
Demolitions - 6 on 8 Attempt(s) - 75.00%
- Score 0 goal in Penalty Kill
Team Stat
Rafales - Hits : 20 - Faceoff Wins : 38 - Blocked Shots : 13 - Penalty Minutes : 13
Demolitions - Hits : 19 - Faceoff Wins : 24 - Blocked Shots : 19 - Penalty Minutes : 21
Official
Referees : VanMassenhoven Don and Hasenfratz Mike
Linesman : Tim Nowak and Bryan Pancich
Game Notes
Olivier Roy enters game at 2:58 of 2nd period
Joe Cannata enters game at 4:25 of 3rd period
Cameron Schilling beats up Michael Bournival at 19:07 of 3rd period
Finance
Level 1 -- Attendance: 1324 (66.20%) -- Ticket Income $46,340
Level 2 -- Attendance: 750 (75.00%) -- Ticket Income $11,250
Total Attendance: 2074 (69.13%)
Total Ticket Income: $57,590
Other Income: $2,880
Total Income: $60,470
Rafales
5 vs 5 Forward
Center Left Wing Right Wing Time % Phy DF OF
1 Mike Zigomanis Cody McLeod Milan Bartovic 40 1 1 3
2 Jarret Stoll Michael Bournival Tim Crowder 30 1 1 3
3 Nathan Davis Carl Klingberg Brian Ferlin 20 1 1 3
4 Kevin Veilleux Chris Terry James Marcou 10 1 1 3
5 vs 5 Defense
Defense Defense Time % Phy DF OF
1 Dennis Persson Mark Fayne 40 1 3 1
2 Julian Melchiori Connor Murphy 30 1 3 1
3 Dylan McIlrath Slater Koekkoek 20 1 3 1
4 Mark Fayne Connor Murphy 10 1 3 1
PowerPlay Forward
Center Left Wing Right Wing Time % Phy DF OF
1 Mike Zigomanis Cody McLeod Milan Bartovic 60 0 0 5
2 Nathan Davis Michael Bournival Tim Crowder 40 0 0 5
PowerPlay Defense
Defense Defense Time % Phy DF OF
1 Slater Koekkoek Mark Fayne 60 0 2 3
2 Julian Melchiori Connor Murphy 40 0 2 3
Penalty Kill 4 Players Forward
Center Wing Time % Phy DF OF
1 Mike Zigomanis Cody McLeod 60 0 4 1
2 Nathan Davis Milan Bartovic 40 0 4 1
Penalty Kill 4 Players Defense
Defense Defense Time % Phy DF OF
1 Slater Koekkoek Mark Fayne 60 1 4 0
2 Julian Melchiori Connor Murphy 40 1 4 0
Penalty Kill - 3 Players Forward
Forward Time % Phy DF OF
1 Mike Zigomanis 60 0 5 0
2 Cody McLeod 40 0 5 0
Penalty Kill - 3 Players Defense
Defense Defense Time % Phy DF OF
1 Slater Koekkoek Mark Fayne 60 1 4 0
2 Julian Melchiori Connor Murphy 40 1 4 0
4 vs 4 Forward
Center Wing Time % Phy DF OF
1 Mike Zigomanis Cody McLeod 60 1 1 3
2 Nathan Davis Milan Bartovic 40 1 1 3
4 vs 4 Defense
Defense Defense Time % Phy DF OF
1 Slater Koekkoek Mark Fayne 60 1 3 1
2 Julian Melchiori Connor Murphy 40 1 3 1
Last Minutes Offensive
Center Left Wing Right Wing Defense Defense
Mike Zigomanis Cody McLeod Milan Bartovic Connor Murphy Mark Fayne
Last Minutes Defensive
Center Left Wing Right Wing Defense Defense
Mike Zigomanis Cody McLeod Milan Bartovic Slater Koekkoek Mark Fayne
Goaltenders
Starting : Philipp Grubauer
Backup : Leland Irving
Extra Forwards
Normal : Cody McLeod, Mike Zigomanis, Milan Bartovic - PP : Cody McLeod, Mike Zigomanis - PK : Mike Zigomanis
Extra Defensemen
Normal : Connor Murphy, Mark Fayne, Slater Koekkoek - PP : Connor Murphy - PK : Slater Koekkoek, Mark Fayne
Penalty Shots
Mike Zigomanis, Cody McLeod, Nathan Davis, Milan Bartovic, James Marcou
Scratches
Ben Sexton (Healthy), Cedric Paquette (Healthy), Ryan Bourque (Healthy), Ben Johnson (Healthy), Nicklas Jensen (Healthy)
Jayson Megna (Healthy), Brad Ross (Healthy), Ben Thomson (Healthy), David Broll (Healthy), Stefan Chaput (Healthy)
Akim Aliu (Healthy), Maksim Mayorov (Healthy), Chris Driedger (Healthy)
Demolitions
5 vs 5 Forward
Center Left Wing Right Wing Time % Phy DF OF
1 Corban Knight Bobby Butler Erik Condra 40 1 2 2
2 Nicolas Blanchard Ryan Bayda Jack Skille 30 1 2 2
3 Brandon McMillan Frazer Mclaren Mikko Lehtonen 20 1 2 2
4 Andrej Nestrasil Ryan Russell Aaron Palushaj 10 1 2 2
5 vs 5 Defense
Defense Defense Time % Phy DF OF
1 Cameron Schilling Jonathan Blum 40 1 2 2
2 Seth Helgeson Mike Sauer 30 1 2 2
3 Dmitri Orlov Robert Bortuzzo 20 1 2 2
4 Taylor Aronson Derek Forbort 10 1 2 2
PowerPlay Forward
Center Left Wing Right Wing Time % Phy DF OF
1 Corban Knight Bobby Butler Erik Condra 60 1 2 2
2 Nicolas Blanchard Ryan Bayda Jack Skille 40 1 2 2
PowerPlay Defense
Defense Defense Time % Phy DF OF
1 Cameron Schilling Jonathan Blum 60 1 2 2
2 Seth Helgeson Mike Sauer 40 1 2 2
Penalty Kill 4 Players Forward
Center Wing Time % Phy DF OF
1 Bobby Butler Ryan Bayda 60 1 2 2
2 Erik Condra Jack Skille 40 1 2 2
Penalty Kill 4 Players Defense
Defense Defense Time % Phy DF OF
1 Cameron Schilling Jonathan Blum 60 1 2 2
2 Seth Helgeson Mike Sauer 40 1 2 2
Penalty Kill - 3 Players Forward
Forward Time % Phy DF OF
1 Bobby Butler 60 1 2 2
2 Ryan Bayda 40 1 2 2
Penalty Kill - 3 Players Defense
Defense Defense Time % Phy DF OF
1 Cameron Schilling Jonathan Blum 60 1 2 2
2 Seth Helgeson Mike Sauer 40 1 2 2
4 vs 4 Forward
Center Wing Time % Phy DF OF
1 Bobby Butler Ryan Bayda 60 1 2 2
2 Erik Condra Jack Skille 40 1 2 2
4 vs 4 Defense
Defense Defense Time % Phy DF OF
1 Cameron Schilling Jonathan Blum 60 1 2 2
2 Seth Helgeson Mike Sauer 40 1 2 2
Last Minutes Offensive
Center Left Wing Right Wing Defense Defense
Corban Knight Bobby Butler Erik Condra Cameron Schilling Jonathan Blum
Last Minutes Defensive
Center Left Wing Right Wing Defense Defense
Corban Knight Bobby Butler Erik Condra Cameron Schilling Jonathan Blum
Goaltenders
Starting : Joe Cannata
Backup : Olivier Roy
Extra Forwards
Normal : Billy Sweat, Josh Beaulieu, Alex Hutchings - PP : Billy Sweat, Josh Beaulieu - PK : Alex Hutchings
Extra Defensemen
Normal : Nick Pryor, Dmitri Orlov, Robert Bortuzzo - PP : Nick Pryor - PK : Dmitri Orlov, Robert Bortuzzo
Penalty Shots
Bobby Butler, Ryan Bayda, Erik Condra, Jack Skille, Frazer Mclaren
Scratches
Ryan Olsen (Healthy), Thomas DiPauli (Healthy), Taylor Leier (Healthy), Mitchell Moroz (Healthy), Jake Paterson (Healthy)
Jussi Rynnas (Healthy)
% Time on Ice - Rafales
Lines # - Real PCT - Wanted PCT - Time Play
Normal Forward
1 - 35% - 40% - 15:01
2 - 26% - 30% - 11:25
3 - 19% - 20% - 8:10
4 - 20% - 10% - 8:41
Normal Defense
1 - 43% - 40% - 18:42
2 - 32% - 30% - 13:50
3 - 23% - 20% - 9:52
4 - 2% - 10% - 0:53
PP Forward
1 - 62% - 60% - 6:59
2 - 38% - 40% - 4:13
PP Defense
1 - 72% - 60% - 8:03
2 - 28% - 40% - 3:09
PK Forward
1 - 86% - 60% - 4:46
2 - 14% - 40% - 0:45
PK Defense
1 - 54% - 60% - 2:58
2 - 46% - 40% - 2:33
PK3 Forward
1 - 0% - 60%
2 - 0% - 40%
PK3 Defense
1 - 0% - 60%
2 - 0% - 40%
44 Forward
1 - 0% - 60%
2 - 0% - 40%
44 Defense
1 - 0% - 60%
2 - 0% - 40%
Last Minute Offensive - 0:00
Last Minute Defensive - 0:00
Total
Forward - 60:00
Defense - 60:00
|
% Time on Ice - Demolitions
Lines # - Real PCT - Wanted PCT - Time Play
Normal Forward
1 - 35% - 40% - 15:13
2 - 24% - 30% - 10:14
3 - 26% - 20% - 11:09
4 - 15% - 10% - 6:41
Normal Defense
1 - 38% - 40% - 16:34
2 - 25% - 30% - 10:49
3 - 23% - 20% - 9:51
4 - 14% - 10% - 6:03
PP Forward
1 - 63% - 60% - 3:27
2 - 37% - 40% - 2:04
PP Defense
1 - 61% - 60% - 3:22
2 - 39% - 40% - 2:09
PK Forward
1 - 75% - 60% - 6:56
2 - 25% - 40% - 2:22
PK Defense
1 - 65% - 60% - 6:05
2 - 35% - 40% - 3:13
PK3 Forward
1 - 100% - 60% - 1:54
2 - 0% - 40% - 0:00
PK3 Defense
1 - 59% - 60% - 1:07
2 - 41% - 40% - 0:47
44 Forward
1 - 0% - 60%
2 - 0% - 40%
44 Defense
1 - 0% - 60%
2 - 0% - 40%
Last Minute Offensive - 0:00
Last Minute Defensive - 0:00
Total
Forward - 60:00
Defense - 60:00
|
Play by Play
1st period
0:01 of 1st period - Mike Zigomanis wins face-off versus Corban Knight in neutral zone.
0:30 of 1st period - Off-side.
0:31 of 1st period - Nathan Davis wins face-off versus Frazer Mclaren in neutral zone.
0:46 of 1st period - Snap shot by Carl Klingberg.
0:46 of 1st period - Shot Misses the Net.
1:23 of 1st period - Slapshot by Ryan Bayda.
1:23 of 1st period - Shot Misses the Net.
1:25 of 1st period - Wrist shot by Nicolas Blanchard.
1:25 of 1st period - Shot Blocked by Michael Bournival.
1:27 of 1st period - Snap shot by Nicolas Blanchard.
1:27 of 1st period - Deflect By Ryan Bayda.
1:27 of 1st period - Shot Blocked by Tim Crowder.
1:27 of 1st period - Puck is out of play.
1:28 of 1st period - Corban Knight wins face-off versus Mike Zigomanis in Rafales zone.
1:35 of 1st period - Wrist shot by Corban Knight.
1:35 of 1st period - Shot Blocked by Connor Murphy.
1:37 of 1st period - Slapshot by Corban Knight.
1:37 of 1st period - Shot Misses the Net.
1:39 of 1st period - Slapshot by Taylor Aronson.
1:39 of 1st period - Deflect By Erik Condra.
1:39 of 1st period - Shot Blocked by Connor Murphy.
1:39 of 1st period - Puck is out of play.
1:40 of 1st period - Cody McLeod wins face-off versus Corban Knight in Rafales zone.
1:49 of 1st period - Wrist shot by Mike Zigomanis.
1:49 of 1st period - Stopped by Joe Cannata with a rebound.
1:51 of 1st period - Wrist shot by Milan Bartovic.
1:51 of 1st period - Shot Blocked by Erik Condra.
1:53 of 1st period - Snap shot by Mike Zigomanis.
1:53 of 1st period - Shot Blocked by Cameron Schilling.
1:55 of 1st period - Backhand shot by Mike Zigomanis.
1:55 of 1st period - Stopped by Joe Cannata with a rebound.
2:01 of 1st period - Minor Penalty to Corban Knight for Hooking.
2:02 of 1st period - Bobby Butler wins face-off versus Mike Zigomanis in Demolitions zone.
2:15 of 1st period - Slapshot by Mike Zigomanis.
2:15 of 1st period - Shot Blocked by Ryan Bayda.
2:17 of 1st period - Slapshot by Mark Fayne.
2:17 of 1st period - Stopped by Joe Cannata without a rebound.
2:18 of 1st period - Bobby Butler wins face-off versus Nathan Davis in Demolitions zone.
4:01 of 1st period - Penalty to Corban Knight is over, Corban Knight is back on ice.
4:34 of 1st period - Slapshot by Josh Beaulieu.
4:34 of 1st period - Stopped by Philipp Grubauer with a rebound.
4:38 of 1st period - Wrist shot by Corban Knight.
4:38 of 1st period - Shot Misses the Net.
4:40 of 1st period - Slapshot by Dmitri Orlov.
4:40 of 1st period - Shot Misses the Net.
4:52 of 1st period - Wrist shot by Josh Beaulieu.
4:52 of 1st period - Stopped by Philipp Grubauer without a rebound.
4:53 of 1st period - Mike Zigomanis wins face-off versus Brandon McMillan in Rafales zone.
4:53 of 1st period - Mike Zigomanis is hit by Mikko Lehtonen.
5:42 of 1st period - Slapshot by Aaron Palushaj.
5:42 of 1st period - Stopped by Philipp Grubauer with a rebound.
6:02 of 1st period - Snap shot by Brandon McMillan.
6:02 of 1st period - Stopped by Philipp Grubauer with a rebound.
6:14 of 1st period - Slapshot by Bobby Butler.
6:14 of 1st period - Deflect By Erik Condra.
6:14 of 1st period - Stopped by Philipp Grubauer with a rebound.
6:16 of 1st period - Snap shot by Erik Condra.
6:16 of 1st period - Stopped by Philipp Grubauer without a rebound.
6:17 of 1st period - Jarret Stoll wins face-off versus Nicolas Blanchard in Rafales zone.
6:42 of 1st period - Brandon McMillan is hit by Milan Bartovic.
7:10 of 1st period - Andrej Nestrasil is hit by Carl Klingberg and loses puck.
7:55 of 1st period - Jack Skille is hit by Chris Terry and loses puck.
8:10 of 1st period - Wrist shot by Cody McLeod.
8:10 of 1st period - Shot Blocked by Jonathan Blum.
8:19 of 1st period - Snap shot by Ryan Bayda.
8:19 of 1st period - Stopped by Philipp Grubauer with a rebound.
8:21 of 1st period - Slapshot by Cameron Schilling.
8:21 of 1st period - Stopped by Philipp Grubauer with a rebound.
8:23 of 1st period - Slapshot by Jack Skille.
8:23 of 1st period - Stopped by Philipp Grubauer with a rebound.
8:25 of 1st period - Backhand shot by Cameron Schilling.
8:25 of 1st period - Stopped by Philipp Grubauer with a rebound.
8:27 of 1st period - Snap shot by Ryan Bayda.
8:27 of 1st period - Stopped by Philipp Grubauer without a rebound.
8:28 of 1st period - Jarret Stoll wins face-off versus Corban Knight in Rafales zone.
9:03 of 1st period - Slapshot by Kevin Veilleux.
9:03 of 1st period - Shot Misses the Net.
9:05 of 1st period - Snap shot by Kevin Veilleux.
9:05 of 1st period - Shot Blocked by Frazer Mclaren.
9:15 of 1st period - Slapshot by Mike Zigomanis.
9:15 of 1st period - Stopped by Joe Cannata with a rebound.
9:17 of 1st period - Wrist shot by Cody McLeod.
9:17 of 1st period - Shot Misses the Net.
9:19 of 1st period - Snap shot by Milan Bartovic.
9:19 of 1st period - Shot Blocked by Robert Bortuzzo.
9:21 of 1st period - Slapshot by Milan Bartovic.
9:21 of 1st period - Deflect By Cody McLeod.
9:21 of 1st period - Shot Misses the Net.
9:21 of 1st period - Puck is out of play.
9:22 of 1st period - Mike Zigomanis wins face-off versus Corban Knight in Demolitions zone.
9:54 of 1st period - Snap shot by Michael Bournival.
9:54 of 1st period - Stopped by Joe Cannata with a rebound.
9:56 of 1st period - Snap shot by Michael Bournival.
9:56 of 1st period - Shot Blocked by Nicolas Blanchard.
10:22 of 1st period - Dennis Persson is hit by Cameron Schilling and loses puck.
10:31 of 1st period - Slapshot by Brian Ferlin.
10:31 of 1st period - Stopped by Joe Cannata with a rebound.
10:33 of 1st period - Wrist shot by Nathan Davis.
10:33 of 1st period - Shot Misses the Net.
10:39 of 1st period - Snap shot by Carl Klingberg.
10:39 of 1st period - Deflect By Nathan Davis.
10:39 of 1st period - Stopped by Joe Cannata without a rebound.
10:40 of 1st period - Corban Knight wins face-off versus Mike Zigomanis in Demolitions zone.
10:45 of 1st period - Milan Bartovic is hit by Bobby Butler and loses puck.
10:53 of 1st period - Off-side.
10:54 of 1st period - Mike Zigomanis wins face-off versus Corban Knight in neutral zone.
11:19 of 1st period - Michael Bournival is hit by Nicolas Blanchard and loses puck.
12:39 of 1st period - Julian Melchiori is hit by Cameron Schilling and loses puck.
12:48 of 1st period - Snap shot by Ryan Bayda.
12:48 of 1st period - Shot Blocked by Julian Melchiori.
13:27 of 1st period - Snap shot by Cody McLeod.
13:27 of 1st period - Goal by Cody McLeod - Rafales : 1 - Demolitions : 0.
13:28 of 1st period - Mike Zigomanis wins face-off versus Corban Knight in neutral zone.
13:41 of 1st period - Snap shot by Cody McLeod.
13:41 of 1st period - Goal by Cody McLeod - Rafales : 2 - Demolitions : 0.
13:42 of 1st period - Mike Zigomanis wins face-off versus Corban Knight in neutral zone.
13:55 of 1st period - Minor Penalty to Cameron Schilling for Diving.
13:56 of 1st period - Bobby Butler wins face-off versus Mike Zigomanis in Demolitions zone.
14:12 of 1st period - Snap shot by Bobby Butler.
14:12 of 1st period - Shot Blocked by Mark Fayne.
14:34 of 1st period - Wrist shot by Nathan Davis.
14:34 of 1st period - Goal by Nathan Davis - Rafales : 3 - Demolitions : 0.
14:35 of 1st period - Corban Knight wins face-off versus Mike Zigomanis in neutral zone.
14:38 of 1st period - Wrist shot by Corban Knight.
14:38 of 1st period - Stopped by Philipp Grubauer with a rebound.
14:44 of 1st period - Wrist shot by Erik Condra.
14:44 of 1st period - Shot Misses the Net.
14:46 of 1st period - Wrist shot by Bobby Butler.
14:46 of 1st period - Stopped by Philipp Grubauer without a rebound.
14:47 of 1st period - Jarret Stoll wins face-off versus Corban Knight in Rafales zone.
15:22 of 1st period - Backhand shot by Jack Skille.
15:22 of 1st period - Shot Misses the Net.
15:32 of 1st period - Wrist shot by Brian Ferlin.
15:32 of 1st period - Stopped by Joe Cannata without a rebound.
15:33 of 1st period - Brandon McMillan wins face-off versus Nathan Davis in Demolitions zone.
15:35 of 1st period - Minor Penalty to Brandon McMillan for Hooking.
15:36 of 1st period - Bobby Butler wins face-off versus Mike Zigomanis in Demolitions zone.
16:16 of 1st period - Snap shot by Tim Crowder.
16:16 of 1st period - Shot Misses the Net.
16:18 of 1st period - Snap shot by Michael Bournival.
16:18 of 1st period - Shot Blocked by Jack Skille.
16:20 of 1st period - Snap shot by Tim Crowder.
16:20 of 1st period - Shot Misses the Net.
16:22 of 1st period - Wrist shot by Nathan Davis.
16:22 of 1st period - Shot Misses the Net.
16:24 of 1st period - Slapshot by Mark Fayne.
16:24 of 1st period - Shot Misses the Net.
17:35 of 1st period - Penalty to Brandon McMillan is over, Brandon McMillan is back on ice.
17:36 of 1st period - Jack Skille is hit by Carl Klingberg.
17:40 of 1st period - Snap shot by Brian Ferlin.
17:40 of 1st period - Shot Blocked by Seth Helgeson.
17:42 of 1st period - Wrist shot by Brian Ferlin.
17:42 of 1st period - Stopped by Joe Cannata without a rebound.
17:43 of 1st period - Kevin Veilleux wins face-off versus Frazer Mclaren in Demolitions zone.
17:44 of 1st period - Snap shot by Chris Terry.
17:44 of 1st period - Stopped by Joe Cannata with a rebound.
18:08 of 1st period - Off-side.
18:09 of 1st period - Nathan Davis wins face-off versus Andrej Nestrasil in neutral zone.
18:17 of 1st period - Slapshot by Jonathan Blum.
18:17 of 1st period - Stopped by Philipp Grubauer without a rebound.
18:18 of 1st period - Mike Zigomanis wins face-off versus Corban Knight in Rafales zone.
18:43 of 1st period - Slapshot by Mikko Lehtonen.
18:43 of 1st period - Deflect By Cody McLeod.
18:43 of 1st period - Stopped by Philipp Grubauer with a rebound.
18:45 of 1st period - Slapshot by Jonathan Blum.
18:45 of 1st period - Shot Blocked by Julian Melchiori.
18:47 of 1st period - Snap shot by Frazer Mclaren.
18:47 of 1st period - Stopped by Philipp Grubauer with a rebound.
19:31 of 1st period - Wrist shot by Michael Bournival.
19:31 of 1st period - Stopped by Joe Cannata with a rebound.
19:39 of 1st period - Minor Penalty to Michael Bournival for Interference.
19:40 of 1st period - Mike Zigomanis wins face-off versus Bobby Butler in Rafales zone.
19:49 of 1st period - Snap shot by Corban Knight.
19:49 of 1st period - Shot Misses the Net.
Goals for this period are 3 for Rafales vs 0 for Demolitions.
Shots for this period are 14 for Rafales vs 16 for Demolitions.
2nd period
0:01 of 2nd period - Mike Zigomanis wins face-off versus Corban Knight in neutral zone.
0:04 of 2nd period - Slapshot by Mark Fayne.
0:04 of 2nd period - Shot Blocked by Bobby Butler.
0:21 of 2nd period - Icing by Jonathan Blum.
0:22 of 2nd period - Corban Knight wins face-off versus Mike Zigomanis in Demolitions zone.
0:29 of 2nd period - Backhand shot by Bobby Butler.
0:29 of 2nd period - Goal by Bobby Butler - Rafales : 3 - Demolitions : 1.
0:30 of 2nd period - Corban Knight wins face-off versus Jarret Stoll in neutral zone.
1:24 of 2nd period - Aaron Palushaj is hit by Brian Ferlin and loses puck.
1:41 of 2nd period - Slater Koekkoek is hit by Frazer Mclaren and loses puck.
2:25 of 2nd period - Minor Penalty to Nicolas Blanchard for Interference.
2:26 of 2nd period - Bobby Butler wins face-off versus Mike Zigomanis in Demolitions zone.
2:34 of 2nd period - Cameron Schilling is hit by Slater Koekkoek and loses puck.
2:51 of 2nd period - Jonathan Blum is hit by Michael Bournival and loses puck.
2:56 of 2nd period - Slapshot by Tim Crowder.
2:56 of 2nd period - Stopped by Joe Cannata with a rebound.
2:58 of 2nd period - Snap shot by Connor Murphy.
2:58 of 2nd period - Goal by Connor Murphy - Rafales : 4 - Demolitions : 1.
2:58 of 2nd period - Olivier Roy enters game.
2:59 of 2nd period - Milan Bartovic wins face-off versus Corban Knight in neutral zone.
3:36 of 2nd period - Off-side.
3:37 of 2nd period - Jarret Stoll wins face-off versus Corban Knight in neutral zone.
4:04 of 2nd period - Ryan Bayda is hit by Carl Klingberg.
4:09 of 2nd period - Off-side.
4:10 of 2nd period - Nicolas Blanchard wins face-off versus Mike Zigomanis in neutral zone.
4:14 of 2nd period - Minor Penalty to Cody McLeod for Roughing.
4:15 of 2nd period - Mike Zigomanis wins face-off versus Corban Knight in Rafales zone.
4:53 of 2nd period - Carl Klingberg is hit by Ryan Bayda and loses puck.
6:14 of 2nd period - Penalty to Cody McLeod is over, Cody McLeod is back on ice.
6:20 of 2nd period - Connor Murphy is hit by Frazer Mclaren and loses puck.
7:53 of 2nd period - Ryan Bayda is hit by Cody McLeod and loses puck.
8:54 of 2nd period - Mike Zigomanis is hit by Cameron Schilling and loses puck.
9:11 of 2nd period - Snap shot by Bobby Butler.
9:11 of 2nd period - Stopped by Philipp Grubauer with a rebound.
9:27 of 2nd period - Snap shot by Nicolas Blanchard.
9:27 of 2nd period - Shot Blocked by Connor Murphy.
10:11 of 2nd period - Wrist shot by Carl Klingberg.
10:11 of 2nd period - Shot Misses the Net.
11:16 of 2nd period - Milan Bartovic is hit by Ryan Russell.
12:15 of 2nd period - Snap shot by Jarret Stoll.
12:15 of 2nd period - Goal by Jarret Stoll - Rafales : 5 - Demolitions : 1.
12:16 of 2nd period - Corban Knight wins face-off versus Milan Bartovic in neutral zone.
12:41 of 2nd period - Jonathan Blum is hit by Michael Bournival and loses puck.
13:22 of 2nd period - Robert Bortuzzo is hit by Kevin Veilleux and loses puck.
13:29 of 2nd period - Wrist shot by James Marcou.
13:29 of 2nd period - Stopped by Olivier Roy with a rebound.
13:31 of 2nd period - Slapshot by Mark Fayne.
13:31 of 2nd period - Stopped by Olivier Roy without a rebound.
13:31 of 2nd period - Minor Penalty to Olivier Roy for Slashing.
13:32 of 2nd period - Mike Zigomanis wins face-off versus Bobby Butler in Demolitions zone.
13:36 of 2nd period - Minor Penalty to Bobby Butler for Charging.
13:37 of 2nd period - Mike Zigomanis wins face-off versus Alex Hutchings in Demolitions zone.
14:07 of 2nd period - Wrist shot by Tim Crowder.
14:07 of 2nd period - Shot Blocked by Jonathan Blum.
14:09 of 2nd period - Slapshot by Slater Koekkoek.
14:09 of 2nd period - Stopped by Olivier Roy with a rebound.
14:11 of 2nd period - Slapshot by Michael Bournival.
14:11 of 2nd period - Shot Misses the Net.
14:13 of 2nd period - Wrist shot by Nathan Davis.
14:13 of 2nd period - Shot Misses the Net.
14:35 of 2nd period - Alex Hutchings is hit by Nathan Davis and loses puck.
15:31 of 2nd period - Penalty to Robert Bortuzzo is over, Robert Bortuzzo is back on ice.
15:36 of 2nd period - Penalty to Bobby Butler is over, Bobby Butler is back on ice.
17:33 of 2nd period - Snap shot by Ryan Russell.
17:33 of 2nd period - Shot Blocked by Slater Koekkoek.
18:59 of 2nd period - Snap shot by Mikko Lehtonen.
18:59 of 2nd period - Shot Misses the Net.
19:01 of 2nd period - Wrist shot by Brandon McMillan.
19:01 of 2nd period - Deflect By Kevin Veilleux.
19:01 of 2nd period - Stopped by Philipp Grubauer with a rebound.
19:03 of 2nd period - Slapshot by Dmitri Orlov.
19:03 of 2nd period - Shot Blocked by James Marcou.
19:05 of 2nd period - Wrist shot by Brandon McMillan.
19:05 of 2nd period - Shot Misses the Net.
19:07 of 2nd period - Snap shot by Brandon McMillan.
19:07 of 2nd period - Shot Blocked by Kevin Veilleux.
19:11 of 2nd period - Snap shot by Brandon McMillan.
19:11 of 2nd period - Shot Misses the Net.
19:13 of 2nd period - Snap shot by Frazer Mclaren.
19:13 of 2nd period - Shot Misses the Net.
19:15 of 2nd period - Snap shot by Dmitri Orlov.
19:15 of 2nd period - Stopped by Philipp Grubauer with a rebound.
19:21 of 2nd period - Snap shot by Brandon McMillan.
19:21 of 2nd period - Shot Misses the Net.
19:25 of 2nd period - Snap shot by Frazer Mclaren.
19:25 of 2nd period - Shot Blocked by James Marcou.
19:33 of 2nd period - Snap shot by Mikko Lehtonen.
19:33 of 2nd period - Stopped by Philipp Grubauer without a rebound.
19:34 of 2nd period - Corban Knight wins face-off versus Mike Zigomanis in Rafales zone.
19:59 of 2nd period - Ryan Bayda is hit by Michael Bournival and loses puck.
Goals for this period are 2 for Rafales vs 1 for Demolitions.
Shots for this period are 6 for Rafales vs 5 for Demolitions.
3rd period
0:01 of 3rd period - Cody McLeod wins face-off versus Corban Knight in neutral zone.
0:35 of 3rd period - Slapshot by Cameron Schilling.
0:35 of 3rd period - Stopped by Philipp Grubauer without a rebound.
0:36 of 3rd period - Mike Zigomanis wins face-off versus Corban Knight in Rafales zone.
1:01 of 3rd period - Snap shot by Nathan Davis.
1:01 of 3rd period - Goal by Nathan Davis - Rafales : 6 - Demolitions : 1.
1:02 of 3rd period - Corban Knight wins face-off versus Mike Zigomanis in neutral zone.
1:16 of 3rd period - Snap shot by Bobby Butler.
1:16 of 3rd period - Stopped by Philipp Grubauer with a rebound.
1:28 of 3rd period - Tim Crowder is hit by Nicolas Blanchard and loses puck.
1:50 of 3rd period - Slapshot by Brian Ferlin.
1:50 of 3rd period - Stopped by Olivier Roy without a rebound.
1:51 of 3rd period - Nathan Davis wins face-off versus Brandon McMillan in Demolitions zone.
1:52 of 3rd period - Snap shot by Brian Ferlin.
1:52 of 3rd period - Stopped by Olivier Roy with a rebound.
1:54 of 3rd period - Wrist shot by Nathan Davis.
1:54 of 3rd period - Shot Blocked by Jonathan Blum.
1:56 of 3rd period - Snap shot by Brian Ferlin.
1:56 of 3rd period - Shot Misses the Net.
1:58 of 3rd period - Snap shot by Carl Klingberg.
1:58 of 3rd period - Goal by Carl Klingberg - Rafales : 7 - Demolitions : 1.
1:59 of 3rd period - Corban Knight wins face-off versus Mike Zigomanis in neutral zone.
2:11 of 3rd period - Minor Penalty to Connor Murphy for Hooking.
2:12 of 3rd period - Corban Knight wins face-off versus Cody McLeod in Rafales zone.
2:13 of 3rd period - Slapshot by Bobby Butler.
2:13 of 3rd period - Stopped by Philipp Grubauer without a rebound.
2:14 of 3rd period - Corban Knight wins face-off versus Mike Zigomanis in Rafales zone.
2:17 of 3rd period - Wrist shot by Bobby Butler.
2:17 of 3rd period - Shot Misses the Net.
4:11 of 3rd period - Penalty to Connor Murphy is over, Connor Murphy is back on ice.
4:13 of 3rd period - Dennis Persson is hit by Jack Skille and loses puck.
4:20 of 3rd period - Jack Skille is hit by Dylan McIlrath.
4:21 of 3rd period - Icing by Jack Skille.
4:22 of 3rd period - Jarret Stoll wins face-off versus Nicolas Blanchard in Demolitions zone.
4:25 of 3rd period - Snap shot by Tim Crowder.
4:25 of 3rd period - Goal by Tim Crowder - Rafales : 8 - Demolitions : 1.
4:25 of 3rd period - Joe Cannata enters game.
4:26 of 3rd period - Jarret Stoll wins face-off versus Corban Knight in neutral zone.
4:51 of 3rd period - Jarret Stoll is hit by Jonathan Blum and loses puck.
5:16 of 3rd period - Wrist shot by Milan Bartovic.
5:16 of 3rd period - Shot Blocked by Seth Helgeson.
5:18 of 3rd period - Slapshot by Dennis Persson.
5:18 of 3rd period - Shot Misses the Net.
5:20 of 3rd period - Slapshot by Mark Fayne.
5:20 of 3rd period - Shot Blocked by Seth Helgeson.
5:22 of 3rd period - Snap shot by Milan Bartovic.
5:22 of 3rd period - Shot Blocked by Mike Sauer.
5:24 of 3rd period - Snap shot by Mark Fayne.
5:24 of 3rd period - Shot Misses the Net.
5:26 of 3rd period - Wrist shot by Cody McLeod.
5:26 of 3rd period - Stopped by Joe Cannata with a rebound.
5:44 of 3rd period - Wrist shot by Erik Condra.
5:44 of 3rd period - Deflect By Bobby Butler.
5:44 of 3rd period - Stopped by Philipp Grubauer without a rebound.
5:45 of 3rd period - Mike Zigomanis wins face-off versus Corban Knight in Rafales zone.
5:45 of 3rd period - Mike Zigomanis is hit by Corban Knight.
5:54 of 3rd period - Minor Penalty to Dmitri Orlov for Slashing.
5:55 of 3rd period - Bobby Butler wins face-off versus Mike Zigomanis in Demolitions zone.
6:10 of 3rd period - Bobby Butler is hit by Milan Bartovic and loses puck.
7:54 of 3rd period - Penalty to Dmitri Orlov is over, Dmitri Orlov is back on ice.
8:31 of 3rd period - Wrist shot by Andrej Nestrasil.
8:31 of 3rd period - Shot Misses the Net.
8:37 of 3rd period - Snap shot by Brian Ferlin.
8:37 of 3rd period - Shot Misses the Net.
8:39 of 3rd period - Slapshot by Connor Murphy.
8:39 of 3rd period - Stopped by Joe Cannata with a rebound.
8:59 of 3rd period - Icing by Nicolas Blanchard.
9:00 of 3rd period - Nicolas Blanchard wins face-off versus Jarret Stoll in Demolitions zone.
9:23 of 3rd period - Bobby Butler is hit by Mark Fayne and loses puck.
9:27 of 3rd period - Icing by Jonathan Blum.
9:28 of 3rd period - Milan Bartovic wins face-off versus Corban Knight in Demolitions zone.
9:29 of 3rd period - Snap shot by Cody McLeod.
9:29 of 3rd period - Deflect By Mike Zigomanis.
9:29 of 3rd period - Shot Misses the Net.
9:29 of 3rd period - Puck is out of play.
9:30 of 3rd period - Mike Zigomanis wins face-off versus Corban Knight in Demolitions zone.
9:55 of 3rd period - Ryan Bayda is hit by Tim Crowder.
10:03 of 3rd period - Snap shot by Nicolas Blanchard.
10:03 of 3rd period - Shot Hit the Post.
10:37 of 3rd period - Backhand shot by Andrej Nestrasil.
10:37 of 3rd period - Shot Misses the Net.
11:05 of 3rd period - Milan Bartovic is hit by Corban Knight and loses puck.
11:18 of 3rd period - Snap shot by Ryan Bayda.
11:18 of 3rd period - Stopped by Philipp Grubauer with a rebound.
11:20 of 3rd period - Slapshot by Nicolas Blanchard.
11:20 of 3rd period - Goal by Nicolas Blanchard - Rafales : 8 - Demolitions : 2.
11:21 of 3rd period - Erik Condra wins face-off versus Mike Zigomanis in neutral zone.
11:51 of 3rd period - Slapshot by Nicolas Blanchard.
11:51 of 3rd period - Stopped by Philipp Grubauer with a rebound.
11:57 of 3rd period - Seth Helgeson is hit by Tim Crowder and loses puck.
12:35 of 3rd period - Minor Penalty to Bobby Butler for Holding.
12:36 of 3rd period - Alex Hutchings wins face-off versus Mike Zigomanis in Demolitions zone.
12:42 of 3rd period - Wrist shot by Cody McLeod.
12:42 of 3rd period - Deflect By Mike Zigomanis.
12:42 of 3rd period - Shot Misses the Net.
12:42 of 3rd period - Puck is out of play.
12:43 of 3rd period - Mike Zigomanis wins face-off versus Alex Hutchings in Demolitions zone.
13:02 of 3rd period - Ryan Bayda is hit by Mike Zigomanis and loses puck.
13:19 of 3rd period - Seth Helgeson is hit by Mike Zigomanis and loses puck.
14:06 of 3rd period - Mark Fayne is hit by Cameron Schilling.
14:35 of 3rd period - Penalty to Bobby Butler is over, Bobby Butler is back on ice.
14:48 of 3rd period - Slapshot by Frazer Mclaren.
14:48 of 3rd period - Stopped by Philipp Grubauer with a rebound.
15:16 of 3rd period - Slater Koekkoek is hit by Derek Forbort and loses puck.
15:31 of 3rd period - Snap shot by Mike Zigomanis.
15:31 of 3rd period - Shot Misses the Net.
15:37 of 3rd period - Wrist shot by Cody McLeod.
15:37 of 3rd period - Stopped by Joe Cannata with a rebound.
15:59 of 3rd period - Slapshot by Mark Fayne.
15:59 of 3rd period - Stopped by Joe Cannata with a rebound.
16:01 of 3rd period - Wrist shot by Mike Zigomanis.
16:01 of 3rd period - Stopped by Joe Cannata with a rebound.
16:03 of 3rd period - Slapshot by Mark Fayne.
16:03 of 3rd period - Shot Blocked by Taylor Aronson.
16:05 of 3rd period - Snap shot by Mike Zigomanis.
16:05 of 3rd period - Shot Blocked by Derek Forbort.
16:07 of 3rd period - Wrist shot by Milan Bartovic.
16:07 of 3rd period - Stopped by Joe Cannata with a rebound.
16:09 of 3rd period - Slapshot by Mark Fayne.
16:09 of 3rd period - Shot Blocked by Taylor Aronson.
16:11 of 3rd period - Slapshot by Slater Koekkoek.
16:11 of 3rd period - Deflect By Mikko Lehtonen.
16:11 of 3rd period - Stopped by Joe Cannata with a rebound.
16:13 of 3rd period - Wrist shot by Milan Bartovic.
16:13 of 3rd period - Shot Blocked by Taylor Aronson.
16:15 of 3rd period - Backhand shot by Slater Koekkoek.
16:15 of 3rd period - Deflect By Cody McLeod.
16:15 of 3rd period - Shot Misses the Net.
16:15 of 3rd period - Puck is out of play.
16:16 of 3rd period - Jarret Stoll wins face-off versus Nicolas Blanchard in Demolitions zone.
16:17 of 3rd period - Wrist shot by Tim Crowder.
16:17 of 3rd period - Goal by Tim Crowder - Rafales : 9 - Demolitions : 2.
16:18 of 3rd period - Jarret Stoll wins face-off versus Corban Knight in neutral zone.
16:29 of 3rd period - Wrist shot by Jonathan Blum.
16:29 of 3rd period - Stopped by Philipp Grubauer without a rebound.
16:30 of 3rd period - Corban Knight wins face-off versus Tim Crowder in Rafales zone.
16:34 of 3rd period - Connor Murphy is hit by Jonathan Blum and loses puck.
16:38 of 3rd period - Icing by Cameron Schilling.
16:39 of 3rd period - Jarret Stoll wins face-off versus Corban Knight in Demolitions zone.
17:28 of 3rd period - Slapshot by Jonathan Blum.
17:28 of 3rd period - Deflect By Bobby Butler.
17:28 of 3rd period - Goal by Bobby Butler - Rafales : 9 - Demolitions : 3.
17:29 of 3rd period - Nathan Davis wins face-off versus Nicolas Blanchard in neutral zone.
17:44 of 3rd period - Snap shot by Ryan Bayda.
17:44 of 3rd period - Shot Blocked by Connor Murphy.
18:41 of 3rd period - Snap shot by Kevin Veilleux.
18:41 of 3rd period - Deflect By Jonathan Blum.
18:41 of 3rd period - Stopped by Joe Cannata without a rebound.
18:42 of 3rd period - Michael Bournival wins face-off versus Ryan Bayda in Demolitions zone.
18:47 of 3rd period - Wrist shot by Michael Bournival.
18:47 of 3rd period - Goal by Michael Bournival - Rafales : 10 - Demolitions : 3.
18:48 of 3rd period - Corban Knight wins face-off versus Jarret Stoll in neutral zone.
18:59 of 3rd period - Tim Crowder is hit by Erik Condra and loses puck.
19:07 of 3rd period - Cameron Schilling beats up Michael Bournival.
19:07 of 3rd period - Penalty to Cameron Schilling for Fighting.
19:07 of 3rd period - Penalty to Michael Bournival for Fighting.
19:08 of 3rd period - Mike Zigomanis wins face-off versus Corban Knight in Rafales zone.
19:16 of 3rd period - Minor Penalty to Milan Bartovic for Interference.
19:17 of 3rd period - Mike Zigomanis wins face-off versus Erik Condra in Rafales zone.
19:43 of 3rd period - Icing by Ryan Bayda.
19:44 of 3rd period - Mike Zigomanis wins face-off versus Nicolas Blanchard in Demolitions zone.
Goals for this period are 5 for Rafales vs 2 for Demolitions.
Shots for this period are 15 for Rafales vs 10 for Demolitions.
Back to the Top